 Dungeon Crawl Stone Soup version 0.30-a0-743-gbfdf073431 (webtiles) character file.

Game seed: 7071599199825212141

46 ZeroWinrate the Grasshopper (level 3, 0/31 HPs)
             Began as an Armataur Warper on Feb 6, 2023.
             Slain by a gnoll
             ... wielding a +2 spear of freezing
              (3 damage)
             ... on level 2 of the Dungeon.
             The game lasted 00:03:40 (1538 turns).

ZeroWinrate the Grasshopper (Armataur Warper)       Turns: 1538, Time: 00:03:40

Health: 0/31       AC:  4    Str: 13    XL:     3   Next: 44%
Magic:  6/6        EV:  9    Int: 20    God:
Gold:   110        SH:  0    Dex: 13    Spells: 2/6 levels left

rFire   . . .      SeeInvis .    a - +0 hand axe
rCold   . . .      Faith    .    (no shield)
rNeg    . . .      Spirit   .    b - +0 leather armour
rPois   .          Reflect  .    (no helmet)
rElec   .          Harm     .    (no cloak)
rCorr   .          Roll     +    (no gloves)
Will    +....                    (no barding)
Stlth   +                        (no amulet)
HPRegen 1.05/turn                d - +6 ring of intelligence
MPRegen 0.10/turn                (no ring)

@: no status effects
A: large, rugged brown scales 3, deformed body, armoured tail, roll, long
tongue, awkward tongue, fangs 1, agile 1, strong-willed 1, regeneration 1, weak
1
a: no special abilities


You were on level 2 of the Dungeon.
You visited 1 branch of the dungeon, and saw 2 of its levels.

You collected 110 gold pieces.

Inventory:

Hand Weapons
 a - a +0 hand axe (weapon)
Armour
 b - a +0 leather armour (worn)
Jewellery
 d - a +6 ring of intelligence (left hand)
Scrolls
 c - 2 scrolls of blinking
 e - a scroll of fear {unknown}
 f - a scroll of silence {unknown}
 h - a scroll of enchant weapon {unknown}
 i - a scroll of amnesia {unknown}
Potions
 g - a potion of curing {unknown}
 j - a potion of lignification {unknown}
 k - a potion of mutation


   Skills:
 + Level 2.2 Fighting
 - Level 1.9 Axes
 - Level 0.8 Throwing
 - Level 1.2 Armour
 - Level 1.3 Dodging
 + Level 2.0 Spellcasting
 + Level 3.7 Translocations


You had 2 spell levels left.
You knew the following spells:

 Your Spells              Type           Power      Damage    Failure   Level
a - Blink                 Tloc           34%        N/A       6%          2
b - Lesser Beckoning      Tloc           34%        N/A       6%          2

Your spell library contained the following spells:

 Spells                   Type           Power      Damage    Failure   Level
 Teleport Other           Tloc           17%        N/A       13%         3
 Vhi's Electric Charge    Tloc/Air       18%        N/A       28%         3
 Manifold Assault         Tloc           17%        N/A       38%         4


Dungeon Overview and Level Annotations

Branches:
Dungeon (2/15)

Altars:


Innate Abilities, Weirdness & Mutations

You are completely covered in rugged brown scales. (AC +3, +7% HP)
Armour fits poorly on your strangely shaped body.
You have a long armoured tail.
You roll when moving toward enemies. (Rampage)
Your long tongue fully drains potion bottles. (2x potion effects)
Your tongue gives you trouble enunciating. (1.5x scroll delay)
You have very sharp teeth.
You are agile. (Dex +4, Str/Int -1)
You are strong-willed. (Will+)
Your natural rate of healing is unusually fast.
You are weak. (Str -2)


Message History

HP restored.
A gnoll comes into view. It is wielding a +0 club.
The gnoll shouts!
A gnoll is nearby!
A gnoll is nearby!
A gnoll is nearby!
A quokka and a gnoll come into view.
The gnoll is wielding a +3 flail of draining.
Found 16 gold pieces.
The gnoll shouts!
You hear a shout! x2
A gnoll comes into view. It is wielding a +2 spear of freezing.
A gnoll comes into view. It is wielding a +0 whip.
A rat comes into view.
You barely miss the gnoll. The gnoll closely misses you.
The gnoll hits you with a +0 club.
You barely miss the gnoll. You hit the gnoll.
The gnoll is moderately wounded.
The gnoll hits you with a +0 club. The gnoll completely misses you.
You barely miss the gnoll.
The gnoll is moderately wounded.
The gnoll hits you with a +0 club.
The gnoll hits you from afar with a +2 spear of freezing.
The gnoll freezes you.
You hit the gnoll.
Your tail-slap misses the gnoll.
The gnoll is severely wounded.
The gnoll hits you from afar with a +2 spear of freezing!
The gnoll freezes you.
You are too injured to fight recklessly!
You are too injured to fight recklessly!
You are too injured to fight recklessly!
You barely miss the gnoll.
Your tail-slap misses the gnoll.
The gnoll is severely wounded.
The gnoll hits you but does no damage.
The gnoll hits you from afar with a +2 spear of freezing.
* * * LOW HITPOINT WARNING * * *
The gnoll freezes you.
* * * LOW HITPOINT WARNING * * *
The gnoll hits you from afar with a +2 spear of freezing.
You die...

..g.. ##....... ...
......... ...###........
#####.#..........
..r..............
#.......... #.gg....... #.
. #..g######.##..## .
####@...##..#..#.. .
####.............###. ...
#.#................#.#.
....#.#..................#.
....#.#..................#.
........#...............§gg
..............####........g
..............####.........
..............#.........>..


You could see 3 gnolls.

Vanquished Creatures
  2 gnolls
  A worm (D:2)
  3 endoplasms (D:1)
  2 giant cockroaches (D:1)
  4 hobgoblins (D:1)
  2 bats (D:1)
  A frilled lizard (D:1)
  3 goblins
  2 kobolds (D:1)
  A rat (D:1)
21 creatures vanquished.

Notes
Turn   | Place    | Note
-------+----------+-------------------------------------------
     0 | D:1      | ZeroWinrate the Armataur Warper began the quest for the
                  | Orb.
     0 | D:1      | Reached XP level 1. HP: 18/18 MP: 3/3
   471 | D:1      | Reached XP level 2. HP: 18/25 MP: 4/4
  1225 | D:2      | Reached XP level 3. HP: 16/31 MP: 5/5
  1239 | D:1      | Gained mutation: You are weak. (Str -2) [potion of
                  | mutation]
  1239 | D:1      | Gained mutation: You are strong-willed. (Will+) [potion of
                  | mutation]
  1239 | D:1      | Gained mutation: You are agile. (Dex +4, Str/Int -1)
                  | [potion of mutation]
  1239 | D:1      | Gained mutation: You have very sharp teeth. [potion of
                  | mutation]
  1239 | D:1      | Gained mutation: Your natural rate of healing is unusually
                  | fast. [potion of mutation]
  1247 | D:1      | Learned a level 2 spell: Blink
  1513 | D:2      | Learned a level 2 spell: Lesser Beckoning
  1538 | D:2      | Slain by a gnoll

Illustrated notes

Levels and vault maps discovered:
D:1:      evilmike_arrival_rings, layout_loops_corners
D:2:      layout_basic, minivault_27

Skill      XL: |  1  2  3 |
---------------+----------+-----
Fighting       | 2 |  2.2
Spellcasting   | 2 |  2.0
Axes           | |  1.9
Throwing       | |  0.8
Armour         | |  1.2
Dodging        | |  1.3
Translocations | |  3.7

Action                     || total
---------------------------++-------
  Melee: Hand axe          ||    83
         Tailslap          ||     4
         Bite              ||     1
  Throw: Boomerang         ||     7
    Use: Scroll            ||     2
         Potion            ||     1
 Armour: Leather armour    ||    35
  Dodge: Dodged            ||    49

Table legend: (Time is in decaauts)
 A = Elapsed time spent in this place.
 B = Non-inter-level travel time spent in this place.
 C = Inter-level travel time spent in this place.
 D = Time resting spent in this place.
 E = Time spent auto-exploring this place.
 F = Levels seen in this place.
 G = Mean time per level.
                   A        B        C        D        E       F      G
               +--------+--------+--------+--------+--------+-----+--------+
         Total |   1560 |   1463 |     97 |    147 |    925 |   2 |  780.0 |
       Dungeon |   1560 |   1463 |     97 |    147 |    925 |   2 |  780.0 |
               +--------+--------+--------+--------+--------+-----+--------+

Top non-repeatable levels by time:
     D:1: 1459 daAuts
     D:2: 100 daAuts
